 Dungeon Crawl Stone Soup version 0.25-a0-785-gb22c70e859 (webtiles) character file.

Game seed: 15226465470720014985, levelgen mode: deterministic

126 kae the Ruffian (level 4, 0/35 HPs)
             Began as a Draconian Transmuter on Apr 17, 2020.
             Slain by a phantom (4 damage)
             ... on level 2 of the Dungeon.
             The game lasted 00:02:01 (1585 turns).

kae the Ruffian (Draconian Transmuter)              Turns: 1585, Time: 00:02:01

Health: 0/35       AC:  6    Str: 14    XL:     4   Next: 84%
Magic:  8/8        EV: 12    Int: 13    God:
Gold:   204        SH:  0    Dex: 11    Spells: 2/8 levels left

rFire    . . .     SeeInvis .     - Unarmed
rCold    . . .     Gourm    .   (no shield)
rNeg     . . .     Faith    .   (armour unavailable)
rPois    .         Spirit   .   (helmet restricted)
rElec    .         Reflect  .   (no cloak)
rCorr    .         Harm     .   k - +0 pair of gloves
MR       .....                  (no boots)
Stlth    +.........             (no amulet)
HPRegen  0.11/turn              (no ring)
MPRegen  0.11/turn              (no ring)

@: berserk cooldown, slowed, very slow
A: unfitting armour, cold-blooded, AC +5
a: no special abilities


You were on level 2 of the Dungeon.
You were hungry.

You visited 1 branch of the dungeon, and saw 3 of its levels.

You collected 204 gold pieces.

Inventory:

Missiles
 a - 48 arrows
Armour
 k - a +0 pair of gloves (worn)
Jewellery
 g - an uncursed amulet of rage
Potions
 b - 2 potions of mutation
 e - 2 potions of curing
 h - a potion of berserk rage
 i - a potion of cancellation {unknown}
 j - a potion of brilliance {unknown}
Comestibles
 c - a ration


   Skills:
 - Level 1.1 Fighting
 - Level 1.7 Dodging
 * Level 4.5 Unarmed Combat
 + Level 2.9 Spellcasting
 + Level 3.0 Transmutations


You had 2 spell levels left.
You knew the following spells:

 Your Spells              Type           Power        Failure   Level  Hunger
a - Beastly Appendage     Tmut           #.....       7%          1    #......
b - Sticks to Snakes      Tmut           #.......     10%         2    ###....
c - Spider Form           Tmut/Pois      #.........   36%         3    ###....

Your spell library contained the following spells:

 Spells                   Type           Power        Failure   Level  Hunger
 Ice Form                 Ice/Tmut       #.......     77%         4    #####..
 Blade Hands              Tmut           #.........   88%         5    ######.


Dungeon Overview and Level Annotations

Branches:
Dungeon (3/15)

Altars:

Annotations:
D:3 Terence


Innate Abilities, Weirdness & Mutations

Your plain brown scales are hard. (AC +5)
You cannot fit into any form of body armour.
You are cold-blooded and may be slowed by cold attacks.


Message History

You barely miss the phantom.
The phantom is lightly damaged.
The phantom hits you.
The phantom blinks!
You are no longer berserk.
You are exhausted.
You feel yourself slow down.
You hit the phantom but do no damage.
The phantom is lightly damaged.
The phantom hits you.
You closely miss the phantom.
The phantom is lightly damaged.
The phantom hits you.
You hit the phantom.
Your tail-slap misses the phantom.
The phantom is lightly damaged.
The phantom misses you. The phantom hits you!
* * * LOW HITPOINT WARNING * * *
You hit the phantom but do no damage.
Your tail-slap misses the phantom.
The phantom is lightly damaged.
The phantom hits you.
You die...

# #.#.##........###
#.......#
#.##.#.####.##.#.# #
#.##.##.#
#...........##.#.#
#.#.##.....
###..#.###......#
#......##.# ##...#
####.#######.##.##.#
##.## #.......#
#.......# #.#
#.......# ####.####
#.# #.......# ###.###
#.# #.W@....# #.....#
#.#
#.......#####.....#
#.#
#......[##........#
#.#
#.......##.##.....#
##.#
##########.##.....#
####..#########
#.########
#)............### #.#
#.##.##..#...^..###.#
#.##.##....(#.......#


You could see a phantom.

Vanquished Creatures
  An ogre (D:3)
  An ooze (D:1)
  2 dart slugs
  3 leopard geckos
  4 bats (D:1)
  A giant cockroach (D:1)
  2 goblins (D:1)
  2 hobgoblins (D:1)
  A quokka (D:3)
  A ball python (D:2)
  2 frilled lizards
  5 kobolds
  7 rats
32 creatures vanquished.

Vanquished Creatures (others)
  4 toadstools (D:1)
4 creatures vanquished.

Grand Total: 36 creatures vanquished

Notes
Turn   | Place    | Note
-------+----------+-------------------------------------------
     0 | D:1      | kae the Draconian Transmuter began the quest for the Orb.
     0 | D:1      | Reached XP level 1. HP: 16/16 MP: 3/3
    78 | D:1      | Reached XP level 2. HP: 17/23 MP: 5/5
   979 | D:1      | Reached XP level 3. HP: 28/28 MP: 6/6
   983 | D:1      | Learned a level 2 spell: Sticks to Snakes
   987 | D:1      | Learned a level 3 spell: Spider Form
  1172 | D:2      | Noticed a phantom
  1190 | D:3      | Noticed an ogre
  1200 | D:3      | Killed an ogre
  1200 | D:3      | Reached skill level 4 in Unarmed Combat
  1200 | D:3      | Reached XP level 4. HP: 20/35 MP: 3/8
  1502 | D:3      | Noticed Terence
  1585 | D:2      | Slain by a phantom

Levels and vault maps discovered:
D:1:      dpeg_arrival_rhombi, layout_loops_ring,
          hangedman_abyss_or_decor_lesser_grid, roderic_roman_lattice,
          minmay_gold_behind_fungi, grunt_decor_arrowhead, minivault_19,
          minmay_liquid_box
D:2:      layout_loops_cross
D:3:      layout_rooms, gammafunk_ghost_cemetery, minmay_misc_feat_roman,
          uniq_terence, uniq_grinder, uniq_robin

Skill      XL: |  1  2  3 |
---------------+----------+-----
Unarmed Combat | 4 |  4.5
Transmutations | 3 |  3.0
Fighting       | |  1.1
Dodging        | |  1.7
Spellcasting   | |  2.9

Action                   |  1- 3 |  4- 6 || total
-------------------------+-------+-------++-------
Melee: Unarmed           |    84 |    44 ||   128
       Tailslap          |    12 |     1 ||    13
       Kick              |     2 |       ||     2
       Punch             |     1 |     2 ||     3
       Headbutt          |     2 |     3 ||     5
 Cast: Beastly Appendage |    14 |     3 ||    17
       Spider Form       |     1 |     1 ||     2
  Use: Scroll            |     2 |     2 ||     4
       Potion            |       |     1 ||     1
  Eat: Chunk             |     1 |     1 ||     2
Armor: Skin              |    23 |    29 ||    52
Dodge: Dodged            |    70 |    66 ||   136

Table legend:
 A = Non-vault XP
 B = Vault XP
 C = Vault XP percentage of total XP
 D = Non-vault monster count
 E = Vault monster count
 F = Vault count percentage of total count
                 A         B        C        D         E       F
            +---------+---------+-------+---------+---------+-------
      Total |     181 |       0 |   0.0 |      32 |       0 |   0.0
            +---------+---------+-------+---------+---------+-------
        D:1 |      41 |       0 |   0.0 |      20 |       0 |   0.0
        D:2 |      11 |       0 |   0.0 |       6 |       0 |   0.0
        D:3 |     129 |       0 |   0.0 |       6 |       0 |   0.0
            +---------+---------+-------+---------+---------+-------
